Match 41220477
Unlisted

Match 41220477
End
Royal Engineer Section
Construct Section Command Post
Selects Canadian Shock Battlegroup
Infantry Section
Dingo Light Scout Car
Infantry Section
Construct Platoon Command Post
Selects Attacking Spirit
Vickers Machine Gun Team
6-pounder Anti-tank Gun Team
Unlock M3 Stuart Light Tanks
Selects Incendiary Munitions
Selects Canadian Shock Section
tightrope
*Mule
0
0

Comments sign in to comment!

No comments posted yet!